 Dungeon Crawl Stone Soup version 0.28-a0-1613-gdaab1c2f9b (webtiles) character file.

Game seed: 2753832833801057687

1765 Strat the Slicer (level 8, -4/68 HPs)
             Began as a Demigod Hunter on Jan 21, 2022.
             Slain by a shadow (8 damage)
             ... on level 11 of the Dungeon.
             The game lasted 00:14:59 (8889 turns).

Strat the Slicer (Demigod Hunter)                   Turns: 8889, Time: 00:15:00

Health: -4/68      AC: 11    Str: 27    XL:     8   Next: 50%
Magic:  10/10      EV:  9    Int: 13    God:
Gold:   394        SH:  0    Dex: 14    Spells: 7/7 levels left

rFire   . . .      SeeInvis .   a - +1 hunting sling
rCold   . . .      Faith    .   (no shield)
rNeg    . . .      Spirit   .   m - +0 chain mail
rPois   .          Reflect  .   (no helmet)
rElec   .          Harm     .   C - +0 cloak
rCorr   .          Rampage  .   (no gloves)
Will    .....                   D - +0 pair of boots
Stlth   ..........              (no amulet)
HPRegen 0.21/turn               i - +6 ring of strength
MPRegen 0.12/turn               (no ring)

@: invisible
A: high mp 1, forlorn, divine attributes
a: no special abilities


You were on level 11 of the Dungeon.
You visited 1 branch of the dungeon, and saw 9 of its levels.

You collected 394 gold pieces.

Inventory:

Hand Weapons
 a - a +1 hunting sling (weapon)
 b - a +1 short sword of electrocution
 c - a +0 vorpal scimitar
 p - a +2 short sword of venom
Missiles
 d - 169 sling bullets
 f - 147 stones (quivered ammo)
 n - 2 throwing nets
Armour
 m - a +0 chain mail (worn)
 C - a +0 cloak (worn)
 D - a +0 pair of boots (worn)
Jewellery
 i - a +6 ring of strength (left hand)
 k - a ring of fire
 A - a ring of willpower
Wands
 h - a wand of paralysis (12)
Scrolls
 j - 6 scrolls of fog
 t - 2 scrolls of blinking
 w - a scroll of brand weapon
 y - a scroll of teleportation
 z - a scroll of enchant weapon
Potions
 e - a potion of invisibility
 g - a potion of haste
 l - a potion of berserk rage
 o - 2 potions of curing
 q - a potion of mutation
 r - a potion of attraction
 s - a potion of resistance
 u - a potion of brilliance {unknown}
 v - a potion of degeneration
 B - a potion of heal wounds {unknown}


   Skills:
 - Level 5.0 Fighting
 + Level 8.2 Short Blades
 - Level 3.6 Slings
 - Level 4.0 Armour
 - Level 1.7 Dodging
 - Level 0.8 Stealth


You had 7 spell levels left.
You didn't know any spells.
Your spell library contained the following spells:

 Spells                   Type           Power      Damage    Failure   Level
 Dispersal                Tloc           0%         N/A       100%        6
 Disjunction              Tloc           0%         N/A       100%        8


Dungeon Overview and Level Annotations

Branches:
Dungeon (11/15)            Temple (0/1) D:6
   Lair: D:8-11         Orc: D:9-12

Shops:
D:6 =

Annotations:
D:7 5 runed translucent doors
D:10 Urug


Innate Abilities, Weirdness & Mutations

You have an increased reservoir of magic. (+10% MP)
You shall have no god before yourself.
Your divine heritage dramatically boosts your attributes as you level up.


Message History

The howler monkey hoots and howls with incredible vigour!
You hear a howl!
You hear a shout! x2
The howler monkey hoots and howls with incredible vigour!
You hear a shout! x3
Found a stone staircase leading down.
A shadow comes into view.
The howler monkey hoots and howls with incredible vigour!
You hear a howl!
The shadow slips into darkness.
The shadow flickers and vanishes!
Deactivating autopickup; reactivate with Ctrl-A.
The howler monkey hoots and howls with incredible vigour!
The shadow strikes at you from the darkness!
Reactivating autopickup.
You hear a shout!
The howler monkey hoots and howls with incredible vigour!
You hear a howl!
There is a stone staircase leading down here.
The shadow hits you.
You climb downwards.
The troll shouts!
There is a stone staircase leading up here.
Found a stone staircase leading down.
The troll barely misses you. The troll claws you!
* * * LOW HITPOINT WARNING * * *
The troll claws you but does no damage. The shadow hits you.
* * * LOW HITPOINT WARNING * * *
The shadow slips into darkness.
The shadow flickers and vanishes!
Deactivating autopickup; reactivate with Ctrl-A.
The troll bites you!
* * * LOW HITPOINT WARNING * * *
The troll claws you but does no damage. x2
The shadow strikes at you from the darkness!
* * * LOW HITPOINT WARNING * * *
Reactivating autopickup.
You fade into invisibility!
The shadow hits you!
You die...

# #. .###
###### ...
....# ..
###...### #.
#..<# ..
#.####.#.#.####
#.@WT.....>...+
######...######
#...# #####


You could see a troll and a shadow.

Vanquished Creatures
  A water moccasin (D:7)
  An orc warrior (D:7)
  2 black bears
  2 necrophages
  An ogre (D:7)
  A phantom (D:5)
  A bullfrog (D:7)
  3 scorpions
  A vampire bat (D:3)
  A bullfrog zombie (D:6)
  4 hounds
  2 jellies
  2 orc priests (D:7)
  A centaur skeleton (D:7)
  A bullfrog skeleton (D:5)
  An iguana (D:5)
  5 orc wizards
  7 adders
  2 white imps (D:6)
  An adder skeleton (D:4)
  A worm (D:5)
  3 dart slugs
  3 fire bats (D:3)
  15 orcs
  2 spectral bats (D:3)
  3 bat skeletons (D:3)
  A bat zombie (D:3)
  7 endoplasms
  A giant cockroach (D:1)
  11 hobgoblins
  15 jackals
  9 kobolds
  4 quokkas
  5 ball pythons
  13 bats
  A bat simulacrum (D:3)
  7 frilled lizards
  8 goblins
  5 rats
154 creatures vanquished.

Vanquished Creatures (others)
  A quokka (D:1)
1 creature vanquished.

Grand Total: 155 creatures vanquished

Notes
Turn   | Place    | Note
-------+----------+-------------------------------------------
     0 | D:1      | Strat the Demigod Hunter began the quest for the Orb.
     0 | D:1      | Reached XP level 1. HP: 17/17 MP: 3/3
   156 | D:1      | Reached skill level 1 in Short Blades
   714 | D:1      | Reached XP level 2. HP: 8/24 MP: 4/4
   860 | D:1      | Reached skill level 2 in Short Blades
  1562 | D:2      | Reached XP level 3. HP: 20/29 MP: 5/5
  1924 | D:2      | Reached skill level 3 in Short Blades
  2732 | D:3      | Reached XP level 4. HP: 36/36 MP: 6/6
  3272 | D:3      | Reached skill level 4 in Short Blades
  3588 | D:3      | Reached skill level 1 in Armour
  3588 | D:3      | Reached XP level 5. HP: 22/41 MP: 7/7
  3993 | D:4      | Noticed a necrophage
  4627 | D:4      | Reached XP level 6. HP: 35/48 MP: 8/8
  4745 | D:4      | Reached skill level 5 in Short Blades
  5284 | D:5      | Entered Level 5 of the Dungeon
  5924 | D:5      | Reached XP level 7. HP: 44/53 MP: 9/9
  6230 | D:5      | Reached skill level 6 in Short Blades
  6967 | D:6      | Found Ysishru's Jewellery Shoppe.
  7045 | D:6      | Reached skill level 7 in Short Blades
  7181 | D:6      | Found a staircase to the Ecumenical Temple.
  7618 | D:7      | Reached XP level 8. HP: 48/63 MP: 10/10
  8128 | D:7      | Identified the +0 robe "Paguaq" {Str+2}
  8392 | D:7      | Reached skill level 8 in Short Blades
  8630 | D:7      | Found a runed translucent door.
  8634 | D:7      | Found a runed translucent gate.
  8636 | D:7      | Found a runed translucent gate.
  8636 | D:7      | Found a runed translucent gate.
  8663 | D:7      | Reached skill level 5 in Fighting
  8674 | D:7      | Found a runed translucent door.
  8750 | D:7      | Found the +9 staff of Olgreb {rPois∞}
  8846 | D:7      | You fall into a shaft and drop 3 floors!
  8846 | D:10     | Entered Level 10 of the Dungeon
  8846 | D:10     | Noticed Urug
  8880 | D:11     | Noticed a troll
  8889 | D:11     | Slain by a shadow

Illustrated notes

Levels and vault maps discovered:
D:1:      saegor_arrival_simple_a, layout_rooms,
          chequers_ecumenical_altar_island, kennysheep_flooded_box
D:2:      layout_loops_ring, basic_altar, minmay_bisected
D:3:      layout_basic, goddamned_bats
D:4:      layout_rooms, minmay_between
D:5:      layout_basic, chequers_serial_rivers_large_a
D:6:      layout_cave_pools, minmay_temple_entry_butterflies, serial_shops,
          shop, minmay_misc_feat_encased
D:7:      layout_basic, minmay_guarded_unrand_staff_of_olgreb
D:10:     layout_big_octagon, tgw_xom, zin_academy, erik_lair_dragon,
          erik_orc_1, kennysheep_small_circle, uniq_erolcha, uniq_urug,
          uniq_psyche
D:11:     layout_basic, gammafunk_ghost_wrathful_warriors

Skill      XL: |  1  2  3  4  5  6  7  8 |
---------------+-------------------------+-----
Short Blades   | 1 2 3 4 5 7 8 |  8.2
Armour         | 1 2 3 4 |  4.0
Fighting       | 3 5 |  5.0
Slings         | |  3.6
Dodging        | |  1.7
Stealth        | |  0.8

Action                   |  1- 3 |  4- 6 |  7- 9 || total
-------------------------+-------+-------+-------++-------
Melee: Short sword       |   237 |   125 |   114 ||   476
       Punch             |     4 |     4 |     2 ||    10
       Dagger            |       |    38 |       ||    38
 Fire: Hunting sling     |     3 |   107 |    68 ||   178
Evoke: Wand              |       |       |     2 ||     2
  Use: Scroll            |     6 |     4 |     9 ||    19
       Potion            |       |       |     1 ||     1
 Stab: Sleeping          |     2 |       |       ||     2
       Paralysed         |       |       |     2 ||     2
Armor: Leather armour    |    61 |       |       ||    61
       Ring mail         |    25 |    86 |       ||   111
       Scale mail        |       |     7 |    33 ||    40
       Chain mail        |       |       |    29 ||    29
Dodge: Dodged            |   183 |   116 |    53 ||   352

Table legend: (Time is in decaauts)
 A = Elapsed time spent in this place.
 B = Non-inter-level travel time spent in this place.
 C = Inter-level travel time spent in this place.
 D = Time resting spent in this place.
 E = Time spent auto-exploring this place.
 F = Levels seen in this place.
 G = Mean time per level.
                   A        B        C        D        E       F      G
               +--------+--------+--------+--------+--------+-----+--------+
         Total |   8830 |   8572 |    258 |   2248 |   4648 |   9 |  981.1 |
       Dungeon |   8830 |   8572 |    258 |   2248 |   4648 |   9 |  981.1 |
               +--------+--------+--------+--------+--------+-----+--------+

Top non-repeatable levels by time:
     D:3: 1760 daAuts
     D:1: 1421 daAuts
     D:5: 1419 daAuts
     D:7: 1228 daAuts
     D:2: 1161 daAuts
     D:4: 916 daAuts
     D:6: 879 daAuts
    D:10: 33 daAuts
    D:11: 8 daAuts
